 Dungeon Crawl Stone Soup version 0.29-a0-1043-g569b05d6ff (webtiles) character file.

Game seed: 13142034746950488547

2060 KleinerIrrer the Martial Artist (level 9, -9/84 HPs)
             Began as an Octopode Monk on Aug 16, 2022.
             Was an Initiate of Gozag.
             Mangled by a shadow (25 damage)
             ... on level 6 of the Dungeon.
             The game lasted 00:13:01 (7620 turns).

KleinerIrrer the Martial Artist (Octopode Monk)     Turns: 7620, Time: 00:13:02

Health: -9/84      AC:  1    Str: 10    XL:     9   Next: 25%
Magic:  9/9        EV: 14    Int: 16    God:    Gozag
Gold:   1156       SH:  0    Dex: 15    Spells: 8/8 levels left

rFire   . . .      SeeInvis .     - Unarmed
rCold   . . .      Faith    .   (no shield)
rNeg    + . .      Spirit   .   (helmet restricted)
rPois   .          Reflect  .   (no amulet)
rElec   .          Harm     .   f - ring of positive energy
rCorr   .          Rampage  .   (no ring)
Will    .....                   (no ring)
Stlth   ..........              (no ring)
HPRegen 0.24/turn               (no ring)
MPRegen 0.11/turn               (no ring)
                                (no ring)
                                (no ring)

@: berserking, very quick
A: almost no armour, amphibious, 8 rings, camouflage 1, gelatinous body 1,
(nimble swimmer 1), tentacles
a: Renounce Religion, Potion Petition, Call Merchant, Bribe Branch


You were on level 6 of the Dungeon.
You worshipped Gozag.
Gozag was most pleased with you.
You visited 1 branch of the dungeon, and saw 6 of its levels.
You also visited: Sewer.

You collected 1156 gold pieces.

Inventory:

Missiles
 i - 32 stones (quivered)
 o - 6 javelins
 x - a throwing net
Armour
 b - an orb of guile
 z - a +1 kite shield
Magical Staves
 p - a staff of poison
Jewellery
 f - a ring of positive energy (left tentacle)
 n - a +4 ring of evasion
Wands
 r - a wand of digging (6)
Scrolls
 e - 2 scrolls of vulnerability {unknown}
 h - 2 scrolls of amnesia {unknown}
 j - 2 scrolls of blinking
 k - 3 scrolls of teleportation
 l - 2 scrolls of enchant armour
 q - 4 scrolls of identify
 t - a scroll of fog {unknown}
 v - a scroll of brand weapon {unknown}
 y - a scroll of immolation {unknown}
 A - a scroll of noise {unknown}
Potions
 a - a potion of ambrosia
 c - a potion of berserk rage
 d - 3 potions of resistance
 g - a potion of magic {unknown}
 m - a potion of flight
 s - a potion of heal wounds {unknown}
 u - a potion of brilliance {unknown}
 w - a potion of lignification {unknown}


   Skills:
 - Level 3.0 Fighting
 - Level 3.0 Dodging
 - Level 2.6 Stealth
 + Level 12.2 Unarmed Combat


You had 8 spell levels left.
You didn't know any spells.
Your spell library contained the following spells:

 Spells                   Type           Power      Damage    Failure   Level
 Call Canine Familiar     Summ           0%         N/A       58%         3
 Gell's Gravitas          Tloc           0%         N/A       58%         3
 Portal Projectile        Hex/Tloc       0%         N/A       58%         3
 Teleport Other           Tloc           0%         N/A       58%         3
 Leda's Liquefaction      Hex/Erth       0%         N/A       94%         4
 Iskenderun's Battlesphe  Conj           0%         2d6       100%        5
 Dispersal                Tloc           0%         N/A       100%        6
 Iron Shot                Conj/Erth      0%         9d1       100%        6
 Spellforged Servitor     Conj/Summ      0%         N/A       100%        7


Dungeon Overview and Level Annotations

Branches:
Dungeon (6/15)              Sewer (visited)
 Temple: D:4-7

Altars:
Gozag
Trog


Innate Abilities, Weirdness & Mutations

You cannot wear most types of armour.
You are amphibious.
You can wear up to eight rings at the same time.
Your skin changes colour to match your surroundings (Stealth+).
Your rubbery body absorbs attacks. (AC +1, EV +1)
((You are camouflaged when in or above water. (Stealth+)))
You have tentacles for arms and can constrict up to eight enemies at once.


Message History

You see here a +0 spear.
q - 4 scrolls of identify (gained 1)
You now have 1156 gold pieces (gained 14).
A shadow comes into view.
The shadow slips into darkness.
The shadow flickers and vanishes!
Deactivating autopickup; reactivate with Ctrl-A.
No target in view!
Unknown command.
The shadow strikes at you from the darkness!
Reactivating autopickup.
The shadow attacks as you move away! The shadow completely misses you.
You tentacle-slap the shadow.
The shadow is moderately damaged.
The shadow closely misses you.
You tentacle-slap the shadow but do no damage.
You squeeze the shadow.
The shadow is moderately damaged.
The shadow hits you!
You tentacle-slap the shadow.
The shadow is heavily damaged.
You tentacle-slap the shadow but do no damage.
The shadow is heavily damaged.
The shadow hits you!
* * * LOW HITPOINT WARNING * * *
You tentacle-slap the shadow but do no damage.
Your squeeze misses the shadow.
The shadow is heavily damaged.
The shadow hits you!
* * * LOW HITPOINT WARNING * * *
You feel better. The shadow closely misses you.
A red film seems to cover your vision as you go berserk!
You feel yourself moving faster!
You feel mighty!
The shadow slips into darkness.
The shadow flickers and vanishes!
Deactivating autopickup; reactivate with Ctrl-A.
You miss something.
The shadow strikes at you from the darkness!
You die...
Your body crumbles into a pile of gold.

### #.##.####### ##.##
#.##.# ##...## #.##.#
##.....###.##.#
.#.######.......#.....#
#..................####
...######.......#.#####
##### ##.....##.....#
..... ##{@.#######.#
.#### ##.########.#
##.........#
#.######### #.# #.# #.#
#.##########
#......<...#


There were no monsters in sight!

Vanquished Creatures
  Grinder (D:3)
  A steam dragon (D:4)
  A black bear (D:4)
  An ogre (D:5)
  2 phantoms
  A centaur (D:5)
  2 bullfrogs (Sewer)
  A necrophage (D:4)
  7 scorpions
  A jelly (D:5)
  3 hounds
  2 orc priests (D:4)
  4 iguanas
  An orc wizard (D:3)
  Robin (D:3)
  20 adders
  5 gnolls
  A shadow imp (D:4)
  A white imp (D:6)
  An ufetubus (D:6)
  4 worms
  11 orcs
  2 bats (D:3)
  13 endoplasms
  14 giant cockroaches
  8 hobgoblins
  8 jackals
  8 kobolds
  5 quokkas
  7 ball pythons
  16 frilled lizards
  13 goblins
  5 rats
171 creatures vanquished.

Vanquished Creatures (others)
  35 plants (D:3)
  A withered plant (D:1)
36 creatures vanquished.

Grand Total: 207 creatures vanquished

Notes
Turn   | Place    | Note
-------+----------+-------------------------------------------
     0 | D:1      | KleinerIrrer the Octopode Monk began the quest for the Orb.
     0 | D:1      | Reached XP level 1. HP: 16/16 MP: 1/1
   551 | D:1      | Reached XP level 2. HP: 21/21 MP: 2/2
   657 | D:1      | Found a faded altar of an unknown god.
  1503 | D:2      | Reached skill level 4 in Unarmed Combat
  1530 | D:2      | Reached XP level 3. HP: 24/26 MP: 3/3
  2167 | D:3      | Noticed Robin
  2170 | D:3      | Found an opulent altar of Gozag.
  2229 | D:3      | Reached XP level 4. HP: 26/31 MP: 4/4
  2263 | D:3      | Killed Robin
  2264 | D:3      | Reached skill level 5 in Unarmed Combat
  2327 | D:3      | Noticed a scorpion
  2330 | D:3      | Became a worshipper of Gozag Ym Sagoz the Greedy
  2531 | D:3      | Noticed Grinder
  2544 | D:3      | Killed a scorpion
  2545 | D:3      | Reached skill level 6 in Unarmed Combat
  2545 | D:3      | Reached XP level 5. HP: 28/36 MP: 5/5
  3039 | D:3      | Killed Grinder
  3040 | D:3      | Reached skill level 7 in Unarmed Combat
  3040 | D:3      | Reached XP level 6. HP: 35/42 MP: 6/6
  3258 | D:4      | Reached XP level 7. HP: 46/46 MP: 7/7
  3359 | D:4      | Reached skill level 8 in Unarmed Combat
  3371 | D:4      | HP: 1/46 [scorpion (3)]
  3995 | D:4      | Found a bloodstained altar of Trog.
  4288 | D:4      | Reached skill level 9 in Unarmed Combat
  4488 | D:4      | Reached XP level 8. HP: 51/52 MP: 8/8
  4814 | D:4      | Reached skill level 10 in Unarmed Combat
  5515 | D:5      | Entered Level 5 of the Dungeon
  5549 | D:5      | Reached skill level 11 in Unarmed Combat
  6245 | D:5      | Reached XP level 9. HP: 49/56 MP: 9/9
  6910 | D:6      | Found a glowing drain.
  6921 | Sewer    | Entered a sewer
  7012 | Sewer    | Reached skill level 12 in Unarmed Combat
  7617 | D:6      | HP: 2/56 [shadow (11)]
  7620 | D:6      | Mangled by a shadow

Illustrated notes

Levels and vault maps discovered:
D:1:      lightli_arrival_isolated_outpost, layout_basic,
          shapermc_ecumenical_altar_gd, minmay_quantized
D:2:      layout_loops_ring
D:3:      layout_basic, mainiacjoe_overflow_paths, serial_bayou,
          serial_bayou_pond_d, serial_bayou_pond_a, serial_bayou_lagoon_b,
          serial_bayou_lake_a, interstate_on_off, uniq_grinder, uniq_robin
D:4:      layout_cave_pools, bloody_trog, nzn_random_ring
D:5:      layout_loops_corners, grunt_tough_drop
D:6:      layout_loops_ring, portal_sewer_entry_d, uniq_edmund

Skill      XL: |  1  2  3  4  5  6  7  8  9 |
---------------+----------------------------+-----
Unarmed Combat | 4 6 7 9 11 12 | 12.2
Fighting       | |  3.0
Dodging        | |  3.0
Stealth        | |  2.6

Action                   |  1- 3 |  4- 6 |  7- 9 || total
-------------------------+-------+-------+-------++-------
Melee: Unarmed           |    79 |    70 |   245 ||   394
       Constrict         |    14 |    13 |    44 ||    71
       Tentacles         |    14 |    20 |    48 ||    82
       Punch             |     4 |     3 |    16 ||    23
Throw: Stone             |     2 |     2 |    27 ||    31
  Use: Scroll            |     4 |       |     3 ||     7
       Potion            |       |       |     5 ||     5
 Stab: Sleeping          |    18 |     4 |     8 ||    30
Armor: Skin              |     2 |     2 |     8 ||    12
Dodge: Dodged            |    28 |    35 |   145 ||   208

Table legend: (Time is in decaauts)
 A = Elapsed time spent in this place.
 B = Non-inter-level travel time spent in this place.
 C = Inter-level travel time spent in this place.
 D = Time resting spent in this place.
 E = Time spent auto-exploring this place.
 F = Levels seen in this place.
 G = Mean time per level.
                   A        B        C        D        E       F      G
               +--------+--------+--------+--------+--------+-----+--------+
         Total |   7565 |   7128 |    437 |    979 |   4923 |   7 | 1080.7 |
       Dungeon |   7043 |   6606 |    437 |    979 |   4543 |   6 | 1173.8 |
         Sewer |    521 |    521 |      0 |      0 |    380 |   1 |  521.0 |
               +--------+--------+--------+--------+--------+-----+--------+

Top non-repeatable levels by time:
     D:4: 1745 daAuts
     D:3: 1566 daAuts
     D:1: 1489 daAuts
     D:5: 1228 daAuts
     D:2: 684 daAuts
   Sewer: 521 daAuts
     D:6: 329 daAuts
